Map: Odyssey LE

Players

Seamonsta - Winner!

  • Race: Zerg Zerg
  • Spawn Location: 11:00

GenAtto

  • Race: Protoss Protoss
  • Spawn Location: 5:00

VOD

Have the link to the VOD?

Description

Time

  • Played on: Nov. 20, 2017, 7:39 p.m.
  • Length: 23:24
Show
View Real Time Build Order
Export as new Build Order

Seamonsta Zerg - Winner!

Build Orders: Hatch First 

Get SALT Encoding   

  12  0:01  Drone  
  13  0:12  Overlord  
  13  0:16  Drone  
  14  0:30  Drone x2  
  14  0:34  Drone  
  17  0:52  Hatchery  
  17  0:57  Drone, Extractor  
  16  1:13  Spawning Pool  
  16  1:17  Drone  
  16  1:37  Overlord  
  16  1:38  Drone x2  
  18  2:00  Roach Warren  
  17  2:03  Spore Crawler  
  18  2:11  Drone  
  17  2:26  Hatchery  
  16  2:35  Pneumatized Carapace  
  16  2:43  Roach  
  18  2:44  Roach  
  18  2:51  Extractor  
  19  2:53  Drone  
  20  3:02  Roach  
  22  3:10  Roach  
  24  3:13  Roach  
  24  3:17  Roach  
  28  3:32  Roach  
  30  3:36  Roach  
  32  3:53  Overlord  
  32  4:03  Roach  
  34  4:14  Ravager  
  35  4:20  Drone  
  35  4:21  Drone  
  35  4:24  Zergling x8  
  38  4:28  Ravager  
  42  4:31  Roach  
  42  4:34  Zergling x2  
  43  4:52  Roach x3  
  49  4:54  Zergling x2  
  49  4:56  Overlord  
  50  5:05  Roach  
  46  5:07  Zergling x2  
  46  5:08  Zergling x6  
  45  5:36  Roach x4  
  53  5:44  Roach  
  53  5:45  Overlord x2  
  53  5:46  Drone  
  53  5:47  Spore Crawler  
  53  5:49  Spore Crawler  
  40  6:21  Roach x5  
  48  6:28  Roach  
  48  6:32  Overlord x2  
  49  6:33  Drone x3  
  50  6:43  Drone x2  
  50  6:45  Spore Crawler  
  49  6:54  Drone x2  
  49  6:55  Drone x2  
  49  7:00  Drone  
  48  7:09  Drone x2  
  48  7:11  Overlord  
  42  7:15  Lair  
  42  7:16  Spore Crawler, Drone  
  40  7:23  Drone  
  40  7:24  Queen  
  40  7:28  Spore Crawler, Drone  
  43  7:32  Drone  
  44  7:41  Drone x4  
  48  7:49  Zergling x6  
  51  7:56  Extractor  
  51  7:57  Spine Crawler  
  49  7:59  Queen  
  51  8:10  Overlord  
  51  8:14  Hydralisk Den  
  51  8:15  Zergling x2  
  51  8:16  Zergling x8  
  55  8:35  Queen  
  55  8:36  Overlord  
  57  8:44  Muscular Augments, Hydralisk x4  
  65  8:48  Hydralisk  
  65  8:51  Zergling x6  
  65  8:53  Drone  
  65  8:54  Drone  
  72  9:04  Hydralisk x2  
  76  9:13  Hydralisk  
  66  9:42  Ravager  
  59  9:50  Hydralisk x4  
  59  9:52  Zergling x2  
  61  9:53  Zergling x8  
  63  10:04  Zergling x2  
  63  10:05  Zergling x4  
  67  10:14  Drone x3  
  69  10:21  Queen x2  
  69  10:22  Queen  
  69  10:24  Extractor  
  73  10:30  Evolution Chamber  
  70  10:37  Hydralisk  
  69  10:46  Zergling x2  
  69  10:47  Zergling x6  
  71  10:57  Queen  
  71  11:00  Zergling x2  
  71  11:01  Zergling x8  
  71  11:03  Drone  
  79  11:08  Hydralisk  
  81  11:14  Overlord  
  81  11:25  Extractor  
  80  11:33  Roach  
  80  11:34  Roach x3  
  88  11:43  Overlord x2  
  88  11:59  Zerg Missile Weapons Level 1  
  86  12:06  Roach x2  
  90  12:19  Overlord  
  90  12:28  Overlord  
  90  12:43  Overlord x3  
  90  13:00  Hatchery  
  89  13:16  Roach x2  
  77  13:20  Ravager  
  77  13:26  Ravager  
  68  13:29  Ravager  
  68  13:30  Ravager  
  68  13:31  Ravager  
  55  13:42  Zergling x24  
  55  13:43  Zergling x2  
  55  13:45  Drone  
  69  14:04  Roach x2  
  69  14:06  Roach x2  
  69  14:09  Glial Reconstitution  
  75  14:25  Roach x3  
  75  14:30  Roach  
  83  14:34  Hydralisk  
  85  14:48  Spire  
  85  14:52  Drone  
  85  15:03  Drone x2  
  85  15:05  Hydralisk  
  89  15:08  Hydralisk  
  91  15:37  Hatchery  
  90  15:54  Roach x2  
  94  16:02  Infestation Pit, Overlord  
  93  16:10  Zergling x14  
  100  16:29  Queen  
  102  16:33  Drone x3  
  102  16:34  Drone  
  102  16:35  Drone  
  107  16:54  Hive  
  107  16:55  Drone  
  107  16:56  Drone  
  109  17:07  Overlord  
  106  17:23  Roach  
  106  17:24  Roach x3  
  114  17:30  Drone  
  115  18:00  Hatchery  
  114  18:06  Greater Spire, Overlord x2  
  114  18:07  Overlord  
  114  18:20  Corruptor x2  
  118  18:27  Drone x2  
  120  18:38  Spine Crawler  
  119  18:52  Corruptor x2  
  123  18:57  Corruptor  
  123  19:00  Roach  
  127  19:21  Brood Lord x2  
  131  19:29  Burrow  
  131  19:33  Brood Lord  
  133  19:40  Brood Lord  
  101  20:12  Hydralisk x6  
  110  20:17  Brood Lord  
  110  20:20  Drone  
  113  20:25  Drone  
  114  20:35  Corruptor  
  114  20:36  Drone  
  114  20:38  Drone x2  
  111  20:59  Corruptor x4  
  111  21:02  Drone x2  
  107  21:13  Queen x2  
  113  21:18  Brood Lord  
  113  21:20  Drone  
  114  21:27  Drone  
  114  21:28  Overlord x2  
  115  21:33  Roach x2  
  115  21:38  Brood Lord  
  121  21:40  Drone  
  121  21:46  Queen  
  124  21:50  Zergling x8  
  128  21:57  Brood Lord  
  130  22:09  Zergling x16  
  138  22:22  Drone x2  
  140  22:30  Brood Lord  
  140  22:34  Zergling x10  
  140  22:35  Zergling x2  
  148  22:43  Overlord x2  
  148  22:44  Hydralisk  
Show
View Real Time Build Order
Export as new Build Order

GenAtto Protoss 

Build Orders:  

Get SALT Encoding   

  12  0:01  Probe (Chrono Boost)  
  13  0:13  Probe (Chrono Boost)  
  14  0:25  Pylon  
  14  0:26  Probe  
  15  0:48  Gateway  
  15  0:51  Pylon  
  15  0:59  Forge  
  15  1:14  Probe (Chrono Boost)  
  16  1:20  Assimilator  
  17  1:26  Probe (Chrono Boost)  
  17  1:28  Probe  
  18  1:38  Pylon  
  18  1:46  Cybernetics Core  
  18  1:51  Probe  
  19  2:03  Probe  
  20  2:13  Nexus  
  20  2:23  Warp Gate (Chrono Boost)  
  20  2:30  Adept, Assimilator  
  20  2:32  Probe  
  23  2:44  Probe  
  24  2:56  Pylon, Probe  
  25  3:00  Shield Battery  
  25  3:08  Probe  
  25  3:09  Pylon  
  26  3:17  Stargate  
  26  3:24  Probe  
  26  3:25  Probe  
  28  3:33  Photon Cannon  
  28  3:40  Stalker (Chrono Boost)  
  30  3:45  Probe  
  30  3:46  Probe  
  32  3:52  Photon Cannon  
  32  3:57  Probe  
  33  4:04  Phoenix (Chrono Boost)  
  33  4:09  Probe  
  36  4:17  Pylon  
  36  4:18  Probe  
  36  4:22  Probe  
  41  4:27  Oracle (Chrono Boost)  
  41  4:31  Probe  
  42  4:34  Probe  
  42  4:37  Pylon  
  43  5:03  Stalker  
  45  5:34  Stalker  
  45  5:35  Void Ray  
  51  5:57  Gateway  
  51  5:58  Gateway  
  51  6:02  Gateway  
  41  6:37  Void Ray (Chrono Boost)  
  43  6:40  Gateway  
  43  6:42  Gateway  
  43  6:44  Gateway  
  41  6:47  Gateway  
  39  6:55  Stalker x2  
  42  7:14  Probe x2  
  40  7:19  Void Ray (Chrono Boost)  
  44  7:26  Probe x2  
  46  7:35  Forge  
  46  7:36  Gateway  
  46  7:38  Probe  
  46  7:39  Probe  
  46  7:41  Pylon  
  46  7:43  Pylon  
  48  7:46  Pylon  
  48  7:49  Pylon  
  48  7:50  Stalker  
  48  7:51  Probe x2, Stalker x3  
  58  8:14  Photon Cannon  
  58  8:16  Stalker x3  
  58  8:17  Stalker  
  66  8:35  Void Ray  
  70  8:42  Zealot  
  70  8:43  Zealot x4  
  70  8:44  Zealot  
  82  8:54  Photon Cannon  
  82  8:56  Pylon  
  72  9:42  Zealot x8  
  57  10:09  Stalker x4  
  57  10:10  Stalker  
  57  10:14  Probe x2  
  69  10:26  Probe  
  70  11:10  Stalker x3  
  70  11:11  Stalker x3  
  78  11:12  Stalker x2  
  84  11:52  Phoenix  
  84  11:53  Stalker  
  84  11:54  Stalker x5  
  98  12:23  Sentry  
  98  12:24  Zealot x2  
  98  12:25  Zealot x5  
  114  12:50  Stalker x2  
  118  13:03  Pylon  
  118  13:06  Pylon  
  118  13:09  Pylon  
  62  13:52  Nexus  
  62  13:55  Pylon  
  62  13:56  Stalker x2  
  62  13:57  Pylon  
  66  14:04  Pylon  
  66  14:12  Stalker x2  
  70  14:20  Assimilator x2  
  70  14:21  Robotics Facility  
  70  14:35  Sentry x2  
  70  14:36  Sentry  
  70  14:38  Photon Cannon  
  76  14:41  Shield Battery  
  76  14:43  Photon Cannon  
  76  14:55  Probe (Chrono Boost)  
  76  14:56  Probe (Chrono Boost)  
  80  15:07  Probe x2 (Chrono Boost)  
  80  15:09  Probe x2  
  80  15:13  Robotics Bay  
  82  15:16  Observer  
  82  15:21  Probe x2, Assimilator x2  
  85  15:33  Probe x2  
  85  16:08  Disruptor (Chrono Boost)  
  88  16:19  Stalker x4  
  88  16:23  Zealot  
  98  16:34  Disruptor (Chrono Boost)  
  98  16:39  Twilight Council  
  101  16:51  Probe x3  
  104  17:00  Disruptor (Chrono Boost)  
  105  17:24  Stalker x5  
  105  17:26  Zealot x3  
  105  17:28  Charge  
  121  17:43  Disruptor (Chrono Boost)  
  124  18:10  Nexus  
  124  18:12  Assimilator  
  124  18:13  Assimilator  
  124  18:26  Stalker  
  126  18:27  Stalker  
  126  18:28  Zealot  
  126  18:29  Zealot x5  
  140  18:38  Gateway  
  140  18:41  Gateway  
  140  18:44  Gateway  
  108  20:08  Observer  
  82  20:19  Void Ray (Chrono Boost)  
  78  20:22  Stalker  
  78  20:23  Stalker  
  78  20:24  Stalker x2  
  78  20:25  Stalker x2  
  90  20:42  Blink (Chrono Boost)  
  88  20:52  Void Ray (Chrono Boost)  
  86  21:19  Stalker x2  
  86  21:20  Stalker x6  
  102  21:34  Void Ray (Chrono Boost)  
  102  21:38  Probe (Chrono Boost)  
  110  21:46  Probe x3 (Chrono Boost)  
  110  21:48  Probe  
  110  21:49  Probe x2  
  110  21:51  Pylon  
  113  22:03  Pylon  
  113  22:06  Probe x2  
  113  22:07  Void Ray  
  119  22:21  Probe x4  
  123  22:30  Shield Battery  
  123  22:31  Photon Cannon  
  123  22:32  Pylon  
  123  22:33  Probe  
  124  22:41  Templar Archives  
Tags
 
Matchup
PvZ
Spawn Locations
Cross Positions
Add a new tag
Caveats
  • Supply blocks, unpowered buildings, or Contaminate may cause inaccurate times.
  • Supply counts are checked every 10 seconds.